 Dungeon Crawl Stone Soup version 0.14.1-18-g0856e53 (webtiles) character file.

121 Kae the Firebug (level 4, 0/24 HPs)
             Began as a Tengu Fire Elementalist on June 2, 2014.
             Succumbed to an adder's poison
             ... on Level 2 of the Dungeon.
             The game lasted 00:03:49 (2197 turns).

Kae the Firebug (Tengu Fire Elementalist)           Turns: 2197, Time: 00:03:49

HP   0/24        AC  2     Str  9      XL: 4   Next: 83%
MP   2/9         EV 18     Int 16      God:
Gold 16          SH  0     Dex 19      Spells:  3 memorised,  2 levels left

rFire  . . .     SeeInvis .     (no weapon)
rCold  . . .     Clarity  .     a - +0 robe
rNeg   . . .     Conserve .     (no shield)
rPois  .         rCorr    .     (helmet restricted)
rElec  .         rRot     .     (no cloak)
SustAb . .       Spirit   .     (no gloves)
rMut   .         Warding  .     (boots unavailable)
Saprov . . .     Stasis   .     (no amulet)
MR     .....                    (no ring)
                                (no ring)

@: agile, lethally poisoned, not resistant to hostile enchantments, quite
stealthy
A: beak, talons 3
a: no special abilities


You were on level 2 of the Dungeon.
You were hungry.

You visited 1 branch of the dungeon, and saw 2 of its levels.

You collected 16 gold pieces.

Inventory:

Armour
 a - a +0 robe (worn)
Comestibles
 c - 2 bread rations
 q - a chunk of human flesh
Scrolls
 d - a scroll of identify {unknown}
 e - 3 scrolls of enchant armour {unknown}
 f - a scroll of remove curse {unknown}
 g - 5 scrolls of teleportation {unknown}
 i - a scroll of fear {unknown}
 k - a scroll of amnesia {unknown}
 n - 3 scrolls of fog {unknown}
 o - a scroll of enchant weapon II {unknown}
 p - a scroll of immolation {unknown}
Potions
 h - a potion of agility
 j - a potion of paralysis {unknown}
 l - a potion of restore abilities {unknown}
 m - 2 potions of poison {unknown}
Books
 b - a book of Flames

   Spells                             Type                      Level
   *Flame Tongue                      Conjuration/Fire             1
   *Throw Flame                       Conjuration/Fire             2
   *Conjure Flame                     Conjuration/Fire             3
   Inner Flame                        Hexes/Fire                   3
   Sticky Flame                       Conjuration/Fire             4
   Fireball                           Conjuration/Fire             5


   Skills:
 - Level 2.1 Dodging
 - Level 2.0 Stealth
 + Level 2.7 Spellcasting
 * Level 3.6 Conjurations
 * Level 4.5 Fire Magic


You had 2 spell levels left.
You knew the following spells:

 Your Spells              Type           Power        Failure   Level  Hunger
a - Flame Tongue          Conj/Fire      ###..        4%          1    #......
b - Throw Flame           Conj/Fire      ###...       8%          2    ##.....
c - Conjure Flame         Conj/Fire      ###.....     12%         3    ###....


Dungeon Overview and Level Annotations

Branches:
Dungeon (2/15)

Altars:
Dithmenos
Kikubaaqudgha
Makhleb
Zin


Innate Abilities, Weirdness & Mutations

You have a beak for a mouth.
You have claws for feet.


Message History

Casting: Flame Tongue
Confirm with . or Enter, or press ? or * to list all spells.
Aiming: Flame Tongue
Press: ? - help, Shift-Dir - straight line, f - rat
Aim: a rat The flame tongue hits the rat.
You kill the rat!
* * * LOW HITPOINT WARNING * * *
You feel sick.
Casting: Flame Tongue
Confirm with . or Enter, or press ? or * to list all spells.
Aiming: Flame Tongue
Press: ? - help, Shift-Dir - straight line, f - kobold
Aim: a kobold The flame tongue hits the kobold.
The kobold appears unharmed.
The kobold barely misses you.
Drink which item? (? for menu, Esc to quit)
You feel agile all of a sudden.
It was a potion of agility.
You die...

####### #.....# #### # ###.....#
#... .. #############.'.....#
#... ..# #..........##.#..%.)#
#... ..###..........##.#.....#
#... ....#..........##.#.....#
#... ..#
#..........K@.#.....######...
..#............####.....'....#...
..###..........# #.....####.'.%.
### #..........# ###'### ###...
#..........# #.# #... ##.########
#.# #### #. #.# ###. #.# ###
#....... ..#


You could see a kobold.

Vanquished Creatures
  Jessica (D:2)
  3 adders (D:2)
  2 worms (D:2)
  A giant gecko (D:1)
  2 oozes (D:1)
  3 ball pythons (D:2)
  5 bats
  3 giant cockroaches
  5 goblins
  7 hobgoblins
  A giant newt (D:2)
  3 jackals
  4 kobolds
  7 rats
47 creatures vanquished.

Notes
Turn   | Place    | Note
--------------------------------------------------------------
     0 | D:1      | Kae, the Tengu Fire Elementalist, began the quest for the Orb.
     0 | D:1      | Reached XP level 1. HP: 10/10 MP: 3/3
   141 | D:1      | Reached XP level 2. HP: 10/15 MP: 5/5
  1117 | D:1      | Reached XP level 3. HP: 19/19 MP: 2/7
  1167 | D:1      | Learned a level 2 spell: Throw Flame
  1171 | D:1      | Learned a level 3 spell: Conjure Flame
  1315 | D:2      | Reached skill level 4 in Fire Magic
  1518 | D:2      | Found a shadowy altar of Dithmenos.
  1819 | D:2      | Reached XP level 4. HP: 16/24 MP: 0/9
  1958 | D:2      | Noticed Jessica
  2003 | D:2      | Killed Jessica
  2061 | D:2      | Found a glowing silver altar of Zin.
  2067 | D:2      | Found an ancient bone altar of Kikubaaqudgha.
  2071 | D:2      | Found a burning altar of Makhleb.
  2195 | D:2      | HP: 1/24 [poisoned by an adder]
  2197 | D:2      | Succumbed to an adder's poison

Action                   |  1- 3 |  4- 6 || total
-------------------------+-------+-------++-------
Melee: Unarmed           |    52 |    35 ||    87
 Cast: Flame Tongue      |    48 |    15 ||    63
       Throw Flame       |     2 |     2 ||     4
  Use: Potion            |       |     1 ||     1
 Stab: Sleeping          |       |     1 ||     1
